 Dungeon Crawl Stone Soup version 0.28-a0-1624-g820543e53a (webtiles) character file.

Game seed: 9485930772893508434

937 avis the Cleaver (level 8, -14/68 HPs)
             Began as a Hill Orc Monk on Jan 23, 2022.
             Was a Follower of Beogh.
             Demolished by an ice devil (15 damage)
             ... summoned by a kobold demonologist
             ... on level 5 of the Dungeon.
             The game lasted 00:26:18 (5760 turns).

avis the Cleaver (Hill Orc Monk)                    Turns: 5760, Time: 00:26:20

Health: -14/68     AC: 12    Str: 16    XL:     8   Next: 12%
Magic:  14/17      EV:  7    Int: 10    God:    Beogh [*.....]
Gold:   1202       SH:  0    Dex: 13    Spells: 7/7 levels left

rFire   + . .      SeeInvis .   a - +0 hand axe
rCold   . . .      Faith    .   (no shield)
rNeg    . . .      Spirit   .   w - +2 chain mail {rF+}
rPois   .          Reflect  .   f - +0 helmet
rElec   .          Harm     .   (no cloak)
rCorr   .          Rampage  .   (no gloves)
Will    .....                   D - +0 pair of boots
Stlth   ..........              (no amulet)
HPRegen 0.21/turn               d - ring of magical power
MPRegen 0.15/turn               (no ring)

@: no status effects
A: no striking features
a: Renounce Religion


You were on level 5 of the Dungeon.
You worshipped Beogh.
Beogh was aware of your devotion.
You visited 1 branch of the dungeon, and saw 5 of its levels.

You collected 1418 gold pieces.
You spent 216 gold pieces at shops.

Inventory:

Hand Weapons
 a - a +0 hand axe (weapon)
 b - the +4 hunting sling of Muuff {venom, rPois}
   (You found it on level 3 of the Dungeon)

   Any ammunition fired from it poisons the flesh of those it strikes.
   rPois:     It protects you from poison.
 i - a +0 trident
 q - a +2 dagger of protection
 s - the +4 dagger "Morg" {pain, Will+ Int+5}
   (You found it on level 4 of the Dungeon)

   In the hands of one skilled in necromantic magic, it inflicts extra damage on
   living creatures.
   Int:       It affects your intelligence (+5).
   Will:      It increases your willpower.
 u - a +0 spear
 x - a +1 falchion of freezing
 y - a +0 glaive
 C - a +2 short sword of draining
Missiles
 c - 177 stones (quivered)
 h - 39 bolts
 j - 74 arrows
 k - 47 sling bullets
 m - 3 poisoned darts
 t - 3 boomerangs
 v - 3 datura-tipped darts
Armour
 e - a +0 ring mail
 f - a +0 helmet (worn)
 r - a +2 robe of cold resistance
 w - a +2 chain mail of fire resistance (worn)
 A - a +0 plate armour
 D - a +0 pair of boots (worn)
Jewellery
 d - a ring of magical power (left hand)
Wands
 F - a wand of flame (6)
Scrolls
 g - a scroll of silence
 n - a scroll of amnesia {unknown}
 B - a scroll of identify {unknown}
 E - a scroll of enchant armour {unknown}
Potions
 l - a potion of cancellation {unknown}
 o - 3 potions of curing {unknown}
 p - a potion of flight {unknown}
 z - a potion of brilliance {unknown}


   Skills:
 - Level 5.0 Fighting
 * Level 11.8 Axes
 - Level 2.4 Dodging
 - Level 1.5 Stealth


You had 7 spell levels left.
You didn't know any spells.
Your spell library contained the following spells:

 Spells                   Type           Power      Damage    Failure   Level
 Animate Skeleton         Necr           0%         N/A       100%        1
 Magic Dart               Conj           0%         1d3       100%        1
 Pain                     Necr           0%         1d4       100%        1
 Ensorcelled Hibernation  Hex/Ice        0%         N/A       100%        2
 Passwall                 Tmut/Erth      0%         N/A       100%        2
 Searing Ray              Conj           0%         2d4       100%        2
 Confusing Touch          Hex            0%         N/A       100%        3
 Swiftness                Air            0%         N/A       100%        3
 Vampiric Draining        Necr           0%         2d6       100%        3
 Fulminant Prism          Conj/Hex       0%         3d6       100%        4
 Agony                    Necr           0%         N/A       100%        5
 Excruciating Wounds      Necr           0%         N/A       100%        5
 Yara's Violent Unravell  Hex/Tmut       0%         3d3       100%        5
 Dispersal                Tloc           0%         N/A       100%        6
 Enfeeble                 Hex            0%         N/A       100%        7
 Disjunction              Tloc           0%         N/A       100%        8


Dungeon Overview and Level Annotations

Branches:
Dungeon (5/15)
 Temple: D:4-7

Altars:
Hepliaklqana
Zin

Shops:
D:4 [

Annotations:
D:5 1 transporter


Message History

You can no longer smite your foes.
The ice devil hits you but does no damage.
You hit the ice devil.
The ice devil is heavily wounded.
You hit the plant.
A nearby plant withers and dies.
You hit the ice devil but do no damage.
The ice devil is heavily wounded.
The ice devil hits you! The ice devil freezes you!!
* * * LOW HITPOINT WARNING * * *
Aiming: Throw Flame
Press: ? - help, Shift-Dir - straight line, f/p - ice devil
Aim: an ice devil (heavily wounded, summoned, 68% to hit)
Really fire in the non-hostile orc priest's direction?
Okay, then.
Aiming: Throw Flame
Press: ? - help, Shift-Dir - straight line, f/p - ice devil
Aim: an ice devil (heavily wounded, summoned, 68% to hit)
Really fire in the non-hostile orc priest's direction?
Okay, then.
Aiming: Throw Flame
Press: ? - help, Shift-Dir - straight line, f/p - ice devil
Aim: an ice devil (heavily wounded, summoned, 68% to hit)
Really fire in the non-hostile orc priest's direction? [Y]es or [N]o only, please.
Really fire in the non-hostile orc priest's direction? [Y]es or [N]o only, please.
Really fire in the non-hostile orc priest's direction?
Okay, then.
Aiming: Throw Flame
Press: ? - help, Shift-Dir - straight line, p - ice devil The puff of flame misses the ice devil.
The ice devil hits you but does no damage.
Aiming: Throw Flame
Press: ? - help, Shift-Dir - straight line The puff of flame hits the ice devil.
The ice devil is heavily wounded.
The ice devil hits you!
* * * LOW HITPOINT WARNING * * *
The ice devil freezes you!
You die...

#########.# ..##
#.# ##..###.# #
....##.####.#..
#####...#.........
#.....©.....##!#.
#.#########.#
#.#8P.©.≈8#.#
#.#P...@.P#.#
#.####4####.#
#.#.§.5.≈K#.#
#.#.≈...≈5#.#
#.#o≈≈≈P≈.#.#
#.#.≈≈♣≈≈.#.# #
#.#?≈≈≈≈≈.#.#
#.#.≈...≈.#.#
#.#.≈...≈.#.#


You could see an ice devil (summoned), a kobold demonologist, an iron imp
(summoned), a shadow imp and a neutral orc priest (wandering).

Vanquished Creatures
  An ice beast (D:5)
  An orc warrior (D:4)
  3 necrophages
  A scorpion (D:5)
  2 wyvern skeletons
  A hound (D:4)
  3 orc wizards
  2 hound skeletons (D:4)
  Robin (D:2)
  6 adders
  An ufetubus (D:4)
  2 adder skeletons (D:4)
  A worm (D:2)
  4 dart slugs
  11 orcs
  6 bats
  5 endoplasms
  5 giant cockroaches
  13 goblins
  10 hobgoblins
  9 jackals
  7 kobolds
  5 quokkas
  9 ball pythons
  5 frilled lizards
  4 rats
118 creatures vanquished.

Vanquished Creatures (others)
  A shadow imp (D:5)
  2 plants
3 creatures vanquished.

Grand Total: 121 creatures vanquished

Notes
Turn   | Place    | Note
-------+----------+-------------------------------------------
     0 | D:1      | avis the Hill Orc Monk began the quest for the Orb.
     0 | D:1      | Reached XP level 1. HP: 19/19 MP: 1/1
   460 | D:1      | Reached XP level 2. HP: 26/26 MP: 2/2
   592 | D:1      | Reached skill level 5 in Axes
   849 | D:1      | Reached XP level 3. HP: 25/31 MP: 3/3
  1262 | D:2      | Found a faded altar of an unknown god.
  1265 | D:2      | Noticed Robin
  1646 | D:1      | Reached skill level 6 in Axes
  1959 | D:1      | Reached XP level 4. HP: 31/40 MP: 4/4
  2029 | D:2      | Killed Robin
  2193 | D:2      | Found a glowing silver altar of Zin.
  2849 | D:3      | Reached skill level 5 in Fighting
  2939 | D:3      | Identified a scroll of acquirement
  2939 | D:3      | Acquired 1169 gold pieces
  2976 | D:3      | Reached XP level 5. HP: 46/48 MP: 5/5
  2984 | D:3      | Identified the +4 hunting sling of Muuff {venom, rPois}
  3529 | D:3      | Reached skill level 7 in Axes
  3843 | D:4      | Found the +4 dagger "Morg" {pain, Will+ Int+5}
  3843 | D:4      | Found Heom Xadd's Antique Armour Shop.
  4050 | D:4      | Noticed a necrophage
  4059 | D:4      | Killed a necrophage
  4060 | D:4      | Reached skill level 8 in Axes
  4060 | D:4      | Reached XP level 6. HP: 40/56 MP: 6/6
  4402 | D:4      | Noticed a necrophage
  4405 | D:4      | Killed a necrophage
  4406 | D:4      | Reached skill level 9 in Axes
  4429 | D:4      | Found a hazy altar of Hepliaklqana.
  4471 | D:4      | Reached XP level 7. HP: 61/61 MP: 7/7
  4581 | D:4      | Bought a glowing chain mail for 135 gold pieces
  4613 | D:4      | Reached skill level 10 in Axes
  5496 | D:4      | Bought a pair of boots for 81 gold pieces
  5505 | D:5      | Entered Level 5 of the Dungeon
  5584 | D:5      | Reached skill level 11 in Axes
  5618 | D:5      | Found a transporter.
  5618 | D:5      | Noticed a kobold demonologist
  5626 | D:5      | Found a transporter.
  5649 | D:5      | Reached XP level 8. HP: 51/68 MP: 8/8
  5747 | D:5      | Became a worshipper of Beogh the Brigand
  5747 | D:5      | Reached * piety under Beogh
  5747 | D:5      | Reached ** piety under Beogh
  5748 | D:5      | Noticed an ice devil
  5760 | D:5      | HP: 1/68 [ice devil[a kobold demonologist] (9)]
  5760 | D:5      | Demolished by an ice devil

Illustrated notes

Levels and vault maps discovered:
D:1:      dpeg_arrival_chambers_temple_mockup, layout_basic
D:2:      layout_rooms, nicolae_ecumenical_pavilion, basic_altar,
          minmay_randomly_rotated_circles, uniq_robin
D:3:      layout_loops_corners, gup_sewer_entry_bowl,
          ebering_dispersal_statue_hall
D:4:      layout_loops_ring, nicolae_hepliaklqana_hazy_memory,
          corexii_hall_statues_x, nicolae_stop_n_shop_2,
          hangedman_decor_diamond_cutter, roderic_roman_lattice
D:5:      gammafunk_wand_slinger, layout_basic, minmay_temple_entry_large_hall,
          hangedman_decor_growths

Skill      XL: |  1  2  3  4  5  6  7 |
---------------+----------------------+-----
Axes           | 5 6 8 9 11 | 11.8
Fighting       | 4 5 |  5.0
Dodging        | |  2.4
Stealth        | |  1.5

Action                   |  1- 3 |  4- 6 |  7- 9 || total
-------------------------+-------+-------+-------++-------
Melee: Hand axe          |   138 |   153 |    70 ||   361
       Punch             |     4 |     2 |     1 ||     7
 Fire: Hunting sling     |       |    47 |    39 ||    86
Invok: Smiting           |       |       |     1 ||     1
       Convert to Beogh  |       |       |     1 ||     1
Evoke: Wand              |       |       |     2 ||     2
  Use: Potion            |     1 |     1 |       ||     2
       Scroll            |       |     5 |       ||     5
 Stab: Sleeping          |     3 |       |       ||     3
Armor: Robe              |     8 |       |       ||     8
       Ring mail         |    27 |    55 |     6 ||    88
       Chain mail        |       |       |    18 ||    18
Dodge: Dodged            |    83 |    92 |    29 ||   204

Table legend: (Time is in decaauts)
 A = Elapsed time spent in this place.
 B = Non-inter-level travel time spent in this place.
 C = Inter-level travel time spent in this place.
 D = Time resting spent in this place.
 E = Time spent auto-exploring this place.
 F = Levels seen in this place.
 G = Mean time per level.
                   A        B        C        D        E       F      G
               +--------+--------+--------+--------+--------+-----+--------+
         Total |   5764 |   5386 |    378 |   1703 |   2250 |   5 | 1152.8 |
       Dungeon |   5764 |   5386 |    378 |   1703 |   2250 |   5 | 1152.8 |
               +--------+--------+--------+--------+--------+-----+--------+

Top non-repeatable levels by time:
     D:1: 2246 daAuts
     D:4: 1545 daAuts
     D:3: 1049 daAuts
     D:2: 715 daAuts
     D:5: 207 daAuts
